 Dungeon Crawl Stone Soup version 0.26-a0-1053-gaff5f71418 (webtiles) character file.

Game seed: 13820751819234504448

16999 quinnr the Cruncher (level 12, -1/91 HPs)
             Began as a Demonspawn Gladiator on Dec 13, 2020.
             Was an Elder of Makhleb.
             Succumbed to a water moccasin's poison
             ... on level 2 of the Lair of Beasts.
             The game lasted 01:02:55 (11480 turns).

quinnr the Cruncher (Demonspawn Gladiator)         Turns: 11480, Time: 01:02:56

Health: -1/91      AC: 30    Str: 19    XL:     12   Next: 15%
Magic:  12/16      EV:  7    Int: 10    God:    Makhleb [****..]
Gold:   481        SH:  0    Dex: 15    Spells: 11/11 levels left

rFire    + . .     SeeInvis .   F - +1 lajatang (flame)
rCold    . . .     Faith    .   (shield currently unavailable)
rNeg     . . .     Spirit   +   C - +1 plate armour
rPois    .         Reflect  .   c - +1 helmet
rElec    .         Harm     .   (no cloak)
rCorr    .         Rampage  .   O - +0 pair of gloves {archery}
Will     .....                  r - +1 pair of boots
Stlth    ..........             K - amulet of regeneration
HPRegen  0.65/turn              f - ring of protection from fire
MPRegen  0.15/turn              s - +4 ring of protection

@: lethally poisoned (-1 -> -19)
A: iridescent scales 3, magic shield, rot immunity
a: Minor Destruction, Lesser Servant of Makhleb, Major Destruction, Renounce
Religion


You were on level 2 of the Lair of Beasts.
You worshipped Makhleb.
Makhleb was greatly pleased with you.
You visited 3 branches of the dungeon, and saw 13 of its levels.

You collected 675 gold pieces.
You spent 194 gold pieces at shops.

Inventory:

Hand Weapons
 a - a +1 quarterstaff
 x - the +8 dagger "Odghiug" {chaos, rElec Will- SInv Stlth+}
   (You took it off a kobold on level 3 of the Dungeon)

   Each time it hits an enemy it has a different, random effect.
   It insulates you from electricity.
   It affects your willpower, your defense against some magical effects.
   It lets you see invisible.
   It makes you more stealthy.
 F - a +1 lajatang of flaming (weapon)
Missiles
 d - 3 throwing nets
 k - 10 boomerangs (quivered)
 z - 4 javelins
 D - 3 curare-tipped darts
 H - 9 poisoned darts
Armour
 b - a +0 leather armour
 c - a +1 helmet (worn)
 g - a +0 scale mail
 n - a +0 buckler
 r - a +1 pair of boots (worn)
 C - a +1 plate armour (worn)
 O - a +0 pair of gloves of archery (worn)
Jewellery
 f - a ring of protection from fire (left hand)
 q - an uncursed ring of stealth
 s - a +4 ring of protection (right hand)
 G - an uncursed ring of flight
 K - an amulet of regeneration (around neck)
Wands
 j - a wand of enslavement (6)
 t - a wand of polymorph (12)
 A - a wand of digging (10)
Scrolls
 i - 3 scrolls of amnesia
 m - 8 scrolls of remove curse
 p - a scroll of brand weapon
 v - 2 scrolls of immolation
 w - 2 scrolls of random uselessness
 y - 4 scrolls of teleportation
 B - 2 scrolls of fog
 E - 2 scrolls of fear
 M - a scroll of blinking
Potions
 e - 2 potions of attraction
 h - 3 potions of mutation
 l - 3 potions of degeneration
 o - a potion of invisibility
 u - a potion of brilliance
 I - a potion of magic
 J - a potion of haste


   Skills:
 + Level 7.6 Fighting
 + Level 12.3 Staves
 - Level 8.1 Throwing
 - Level 7.0 Armour
 - Level 2.6 Dodging
 - Level 1.0 Stealth
 - Level 6.0 Invocations
 - Level 4.0 Evocations


You had 11 spell levels left.
You didn't know any spells.
Your spell library contained the following spells:

 Spells                   Type           Power        Failure   Level
 Sandblast                Erth           #.....       100%        1
 Passwall                 Tmut/Erth      #.......     100%        2
 Confusing Touch          Hex            #.......     100%        3
 Gell's Gravitas          Tloc           #.........   100%        3
 Stone Arrow              Conj/Erth      #.....       100%        3
 Petrify                  Tmut/Erth      #.......     100%        4
 Lee's Rapid Deconstruct  Erth           #.........   100%        5
 Metabolic Englaciation   Hex/Ice        #.........   100%        5
 Yara's Violent Unravell  Hex/Tmut       #.........   100%        5


Dungeon Overview and Level Annotations

Branches:
Dungeon (10/15)            Temple (1/1) D:6            Lair (2/6) D:10
  Snake (0/4) Lair:2
  Swamp: Lair:2-4    Shoals: Lair:2-4       Orc: D:9-12

Altars:
Ashenzari
Cheibriados
Dithmenos
Elyvilon
Fedhas
Gozag
Hepliaklqana
Kikubaaqudgha
Makhleb
Nemelex Xobeh
Okawaru
Qazlal
Ru
Sif Muna
Trog
Uskayaw
Vehumet
Wu Jian
Xom
Yredelemnul
Zin
The Shining One

Shops:
D:9 *   D:10 *


Innate Abilities, Weirdness & Mutations

You are completely covered in iridescent scales. (AC +6)
When hurt, damage is shared between your health and your magic reserves.
You are immune to rotting.


Message History

Okay, then.
Okay, then.
Okay, then.
As you read the scroll of identify, it crumbles to dust.
J - a potion of haste
* * * LOW HITPOINT WARNING * * *
You feel very sick.
Okay, then.
Okay, then.
Unknown command.
Unknown command.
* * * LOW HITPOINT WARNING * * *
You feel very sick.
* * * LOW HITPOINT WARNING * * *
You feel very sick.
* * * LOW HITPOINT WARNING * * *
You feel very sick.
* * * LOW HITPOINT WARNING * * *
You feel very sick.
You die...

#### ##..# #.... ...###
...## .....## #..$##
......# #..(.# ......##
#....# .....†.# #...#
......########.†##
.........P.#)P..@##..
......P....†..†....#
......##..##....>......
.......######P...P..###
##...## #.#.......#
#.### ##P.#....## ##
#..###P..# .... #.P# .#
..


There were no monsters in sight!

Vanquished Creatures
  2 hydras (Lair:1)
  Erica (D:8)
  2 two-headed ogres
  Nergalle (D:10)
  An unseen horror (D:9)
  A cane toad (Lair:1)
  A black mamba (Lair:2)
  A gargoyle (D:10)
  A troll (D:9)
  2 polar bears (Lair:1)
  Prince Ribbit (D:7)
  A vampire (D:10)
  A fire bat (Lair:2)
  A wraith (D:10)
  27 yaks
  A basilisk (Lair:1)
  14 water moccasins
  A hornet zombie (D:6)
  Purgy (D:4)
  3 black bears
  A phantom (D:5)
  An eye of draining (D:8)
  2 ice beasts
  A sky beast (D:10)
  A centaur (D:9)
  9 wolves
  The ghost of Aerich the Ruffian, an amateur DrTm (D:3)
  4 ogres
  2 bullfrogs
  A big kobold (D:3)
  A water moccasin zombie (D:7)
  2 scorpions
  7 wights
  2 electric eels (Lair:1)
  A centaur zombie (D:9)
  A quasit (D:8)
  10 hounds
  2 jellies
  A bullfrog skeleton (D:4)
  A bullfrog zombie (D:10)
  9 orc wizards
  3 orc priests
  2 centaur skeletons
  2 iguanas
  9 worker ants
  16 adders
  6 gnolls
  2 white imps
  6 ufetubi
  An ooze (D:3)
  3 adder skeletons
  An adder zombie (D:8)
  6 worms
  2 dart slugs
  2 leopard geckos
  39 orcs
  5 ball pythons
  8 bats
  5 giant cockroaches
  11 goblins
  10 hobgoblins
  9 jackals
  2 quokkas
  5 frilled lizards
  16 kobolds
  A quokka skeleton (D:4)
  A quokka zombie (D:6)
  5 rats
302 creatures vanquished.

Vanquished Creatures (collateral kills)
  Erolcha (D:10)
  Joseph (Lair:1)
  A komodo dragon (Lair:1)
3 creatures vanquished.

Vanquished Creatures (others)
  An orc wizard (D:8)
  7 fungi
  28 plants
36 creatures vanquished.

Grand Total: 341 creatures vanquished

Notes
Turn   | Place    | Note
-------+----------+-------------------------------------------
     0 | D:1      | quinnr the Demonspawn Gladiator began the quest for the
                  | Orb.
     0 | D:1      | Reached XP level 1. HP: 16/16 MP: 1/1
   153 | D:1      | Reached skill level 3 in Staves
   215 | D:1      | Gained mutation: You are partially covered in iridescent
                  | scales. (AC +2) [demonic ancestry]
   215 | D:1      | Reached XP level 2. HP: 21/22 MP: 2/2
   218 | D:1      | Found a broken altar of Ashenzari.
   292 | D:1      | Reached skill level 1 in Armour
   788 | D:2      | Reached XP level 3. HP: 25/27 MP: 3/3
   943 | D:2      | Gained mutation: You are mostly covered in iridescent
                  | scales. (AC +4) [demonic ancestry]
   943 | D:2      | Reached XP level 4. HP: 20/33 MP: 4/4
  1695 | D:2      | Reached skill level 4 in Staves
  1704 | D:2      | Reached skill level 1 in Stealth
  2002 | D:3      | Found a broken altar of Ashenzari.
  2002 | D:3      | Found a blossoming altar of Fedhas.
  2035 | D:3      | Gained mutation: When hurt, damage is shared between your
                  | health and your magic reserves. [demonic ancestry]
  2035 | D:3      | Reached XP level 5. HP: 38/38 MP: 5/5
  2467 | D:3      | Found a runed translucent gate.
  2467 | D:3      | Found a runed translucent gate.
  2468 | D:3      | Found a runed translucent gate.
  2468 | D:3      | Noticed Aerich's ghost (amateur DrTm)
  2468 | D:3      | Identified the +8 dagger "Odghiug" {chaos, rElec Will- SInv
                  | Stlth+}
  2970 | D:3      | Killed Aerich's ghost
  2971 | D:3      | Reached XP level 6. HP: 36/44 MP: 2/6
  3257 | D:3      | quinnr: ??Will-
  3257 | D:3      | beem: Will- ~ will ~ willpower[1/5]: Willpower (as of 0.26)
                  | provides the ability to resist certain hostile enchantments
                  | that attempt to overpower the caster's strength of will.
                  | Player Will comes from XL, Trog's hand, and items. The most
                  | important hostile enchantments that attack willpower are
                  | confuse, slow, paralysis, and banishment
  3576 | D:4      | Noticed Purgy
  3602 | D:4      | Killed Purgy
  3603 | D:4      | Reached skill level 5 in Staves
  3607 | D:4      | HP: 4/44 [gnoll/+0 spear (3)]
  4137 | D:4      | Reached XP level 7. HP: 43/50 MP: 4/7
  4550 | D:4      | Found a blossoming altar of Fedhas.
  4607 | D:5      | Entered Level 5 of the Dungeon
  4736 | D:5      | Found a hazy altar of Hepliaklqana.
  4863 | D:5      | Reached skill level 1 in Evocations
  5031 | D:5      | Reached skill level 6 in Staves
  5259 | D:5      | Reached XP level 8. HP: 57/57 MP: 8/8
  5792 | D:6      | Reached skill level 5 in Armour
  5997 | D:6      | Found a staircase to the Ecumenical Temple.
  6006 | Temple   | Entered the Ecumenical Temple
  6007 | Temple   | quinnr: !whichgod DgGl
  6007 | Temple   | beem: 9 recent wins for DgGl: 9x
  6007 | Temple   | quinnr: !whichgod DsGl
  6007 | Temple   | beem: 236 recent wins for DsGl: 38x Okawaru, 34x Qazlal,
                  | 34x Gozag, 28x Makhleb, 21x Uskayaw, 17x Yredelemnul, 13x
                  | Nemelex Xobeh, 11x Cheibriados, 8x Ru, 7x Fedhas, 7x
                  | Dithmenos, 4x Trog, 3x Hepliaklqana, 3x Jiyva, 2x
                  | Ashenzari, Kikubaaqudgha, Xom, , Lugonu, Vehumet, Wu Jian
  6007 | Temple   | quinnr: ??makhlab
  6007 | Temple   | beem: makhlab ~ makhleb[1/4]: Makhleb wants kills and
                  | provides hp-for-kills, two conjuration invocations, and two
                  | summoning invocations. Note that Minor Destruction has no
                  | piety cost, so you can use it freely (though it is
                  | hungering); servants are not 100% friendly; and greater
                  | demons are effective against essentially everything.
  6170 | Temple   | Became a worshipper of Makhleb the Destroyer
  7126 | D:7      | Reached skill level 1 in Invocations
  7201 | D:7      | Noticed Prince Ribbit
  7204 | D:7      | quinnr: ??curare
  7204 | D:7      | beem: curare[1/2]: A type of poison that will slow you,
                  | poison you, and do large impact damage (called
                  | asphyxiation). To avoid it you can use eXamine to avoid
                  | being in any dart-equipped creature's line of fire for too
                  | long. Poison resistance prevents the poisoning and
                  | asphyxiation, as well as the slowing (being undead will
                  | too).
  7204 | D:7      | quinnr: ??curare[2
  7204 | D:7      | beem: curare[2/2]: According to ogaz, you should carry
                  | curare around with you so that you can forget to use it and
                  | then feel like an idiot when you die.
  7206 | D:7      | Reached * piety under Makhleb
  7223 | D:7      | Killed Prince Ribbit
  7224 | D:7      | Reached skill level 7 in Staves
  7224 | D:7      | Reached XP level 9. HP: 55/65 MP: 7/11
  7649 | D:8      | Noticed a two-headed ogre
  7659 | D:8      | Killed a two-headed ogre
  7660 | D:8      | Reached skill level 8 in Staves
  7718 | D:8      | Found a shimmering blue altar of Sif Muna.
  7799 | D:8      | Noticed Erica
  7800 | D:8      | quinnr: ??erica
  7800 | D:8      | beem: erica[1/1]: A wild-tempered adventuress. She has
                  | Venom Bolt, Mystic Blast, Invisibility, Confuse, and Slow.
                  | She always wields a scimitar of flaming. Useful for hydrae!
  7955 | D:8      | Killed Erica
  7956 | D:8      | Reached skill level 9 in Staves
  7999 | D:8      | Reached skill level 10 in Staves
  8046 | D:8      | quinnr: ??datura
  8046 | D:8      | beem: datura[1/1]: Causes temporary {frenzy}; found on some
                  | {darts}.
  8046 | D:8      | quinnr: ??frenzy
  8046 | D:8      | beem: frenzy[1/1]: Temporarily forces an enemy to attack
                  | anything nearby (turning them neutral during the duration).
                  | If they are natural holiness, they also get {might} and
                  | {haste}. Caused by {needle of frenzy} and {discord}. Does
                  | not work on monsters with plant int.
  8274 | D:8      | Gained mutation: You are immune to rotting. [demonic
                  | ancestry]
  8274 | D:8      | Reached XP level 10. HP: 64/71 MP: 1/13
  8453 | D:8      | Found a snail-covered altar of Cheibriados.
  8503 | D:9      | Reached ** piety under Makhleb
  8737 | D:9      | Found an ornate altar of the Wu Jian Council.
  8880 | D:9      | Found Yxtit's General Store.
  8883 | D:9      | Bought a scroll of enchant weapon for 97 gold pieces
  8883 | D:9      | Bought a scroll of blinking for 97 gold pieces
  9053 | D:10     | Entered Level 10 of the Dungeon
  9166 | D:10     | Reached skill level 11 in Staves
  9248 | D:9      | Killed an unseen horror
  9326 | D:10     | Found a shimmering altar of Xom.
  9327 | D:10     | Found a shimmering altar of Xom.
  9330 | D:10     | Found a shimmering altar of Xom.
  9331 | D:10     | Found a shimmering altar of Xom.
  9332 | D:10     | Found a shimmering altar of Xom.
  9385 | D:10     | Found a shimmering altar of Xom.
  9438 | D:10     | Noticed a black mamba
  9438 | D:10     | a hornet changed into a black mamba
  9494 | D:10     | quinnr: ??archery
  9494 | D:10     | beem: gloves of archery[1/1]: Glove-slot armour providing
                  | +4 slaying for missiles; applies to all missiles including
                  | those simply thrown.
  9499 | D:10     | Found a staircase to the Lair.
  9504 | D:10     | Noticed a two-headed ogre
  9516 | D:10     | Killed a two-headed ogre
  9516 | D:10     | Reached *** piety under Makhleb
  9517 | D:10     | Reached skill level 5 in Fighting
  9623 | D:10     | Noticed Erolcha
  9631 | D:10     | Killed Erolcha
  9632 | D:10     | Reached XP level 11. HP: 63/81 MP: 11/15
  9662 | D:10     | Found Sushrorug's General Store.
  9666 | D:10     | Noticed Nergalle
  9688 | D:10     | Killed Nergalle
  9878 | D:10     | Noticed a lindwurm
 10068 | Lair:1   | Entered Level 1 of the Lair of Beasts
 10159 | Lair:1   | Noticed Joseph
 10173 | Lair:1   | Reached skill level 5 in Throwing
 10177 | Lair:1   | Killed Joseph
 10563 | Lair:1   | quinnr: ??polymorph
 10563 | Lair:1   | beem: polymorph[1/5]: Gives you a random form, usually bad,
                  | and changes monsters into other monsters, likely to be
                  | harder but without equipment.
 10606 | Lair:1   | Noticed a four-headed hydra
 10615 | Lair:1   | Killed a two-headed hydra
 10622 | Lair:1   | Noticed an eight-headed hydra
 10631 | Lair:1   | Killed a five-headed hydra
 10723 | Lair:1   | quinnr: ??attraction
 10723 | Lair:1   | beem: I don't have a page labeled attraction in my learndb.
 10723 | Lair:1   | quinnr: ??potion of attraction
 10723 | Lair:1   | beem: I don't have a page labeled potion_of_attraction in
                  | my learndb.
 10729 | Lair:1   | You fall into a shaft and drop 1 floor!
 10939 | Lair:1   | Reached skill level 12 in Staves
 11018 | Lair:1   | Gained mutation: You are completely covered in iridescent
                  | scales. (AC +6) [demonic ancestry]
 11018 | Lair:1   | Reached XP level 12. HP: 91/91 MP: 16/16
 11413 | Lair:2   | Reached **** piety under Makhleb
 11425 | Lair:2   | Found a staircase to the Snake Pit.
 11476 | Lair:2   | HP: 8/91 [poisoned by a water moccasin]
 11478 | Lair:2   | HP: 3/91 [poisoned by a water moccasin]
 11479 | Lair:2   | HP: 1/91 [poisoned by a water moccasin]
 11480 | Lair:2   | Succumbed to a water moccasin's poison

Illustrated notes

Levels and vault maps discovered:
D:1:      dpeg_arrival_connections, layout_basic, amethyst_killhole,
          evilmike_ruin_ashenzari
D:2:      layout_basic
D:3:      layout_basic, gammafunk_temple_overflow_statue,
          gammafunk_ghost_nasty_kobolds, st_stairs_11, serial_park_tiny_pond
D:4:      layout_basic, nrook_mini_backslash, chequers_jeans, fedhas_altar_4,
          uniq_purgy
D:5:      layout_loops_ring, overflow_temple_1_default
D:6:      layout_cave_pods, minmay_temple_entry_overgrown, st_stairs_12
D:7:      cheibrodos_quashed, layout_rooms, uniq_prince_ribbit1
D:8:      minmay_s_stair_smasher, layout_rooms, overflow_temple_1_default,
          kennysheep_mini, grunt_ministairs_13, uniq_erica
D:9:      layout_basic, lemuel_crystal_altar, serial_shops,
          nicolae_shop_competitors_out_of_business
D:10:     layout_cave_pools, lair_entry_dummy, serial_shops, shop_statue,
          xom_shifter_show, uniq_nergalle, uniq_erolcha
Temple:   eino_temple_rhombus
Lair:1:   layout_regular_city, chequers_serial_rivers_micro_d,
          serial_bayou_lagoon_b, grunt_megastairs_3, uniq_joseph
Lair:2:   layout_cave_pods, minmay_snake_entry_six_corridors

Skill      XL: |  1  2  3  4  5  6  7  8  9 10 11 |
---------------+----------------------------------+-----
Staves         | 3 4 5 6 7 10 11 12 | 12.3
Armour         | 1 2 3 4 5 7 |  7.0
Stealth        | 1 |  1.0
Throwing       | 2 3 4 8 |  8.1
Evocations     | 3 4 |  4.0
Fighting       | 4 5 7 |  7.6
Invocations    | 2 4 6 |  6.0
Dodging        | |  2.6

Action                   |  1- 3 |  4- 6 |  7- 9 | 10-12 || total
-------------------------+-------+-------+-------+-------++-------
Melee: Quarterstaff      |    77 |   211 |   188 |       ||   476
       Lajatang          |       |       |   222 |   483 ||   705
Throw: Boomerang         |     3 |    23 |    42 |    16 ||    84
       Dart              |       |       |    16 |    10 ||    26
       Javelin           |       |       |     9 |       ||     9
       Throwing net      |       |       |     2 |       ||     2
Invok: Minor Destruction |       |       |       |    22 ||    22
       Lesser Servant of |       |       |       |     2 ||     2
Evoke: Wand              |       |       |     1 |     5 ||     6
  Use: Scroll            |       |     9 |    13 |     5 ||    27
       Potion            |       |     5 |     2 |     3 ||    10
 Stab: Sleeping          |       |     2 |       |       ||     2
       Invisible         |       |     2 |       |       ||     2
       Distracted        |       |       |       |     1 ||     1
Armor: Scale mail        |    29 |    84 |       |       ||   113
       Leather armour    |     2 |       |       |       ||     2
       Skin              |       |    48 |       |       ||    48
       Plate armour      |       |    77 |   400 |   465 ||   942
Dodge: Dodged            |    38 |   119 |   143 |   158 ||   458

Table legend: (Time is in decaauts)
 A = Elapsed time spent in this place.
 B = Non-inter-level travel time spent in this place.
 C = Inter-level travel time spent in this place.
 D = Time resting spent in this place.
 E = Time spent auto-exploring this place.
 F = Levels seen in this place.
 G = Mean time per level.
                   A        B        C        D        E       F      G
               +--------+--------+--------+--------+--------+-----+--------+
         Total |  11502 |  10826 |    676 |   1466 |   6571 |  13 |  884.8 |
       Dungeon |  10016 |   9459 |    557 |   1457 |   5617 |  10 | 1001.6 |
        Temple |    180 |    129 |     51 |      0 |    128 |   1 |  180.0 |
          Lair |   1305 |   1237 |     68 |      9 |    825 |   2 |  652.5 |
               +--------+--------+--------+--------+--------+-----+--------+

Top non-repeatable levels by time:
     D:3: 1702 daAuts
     D:6: 1243 daAuts
     D:4: 1077 daAuts
  Lair:1: 1020 daAuts
     D:1: 1013 daAuts
     D:5: 966 daAuts
    D:10: 932 daAuts
     D:2: 880 daAuts
     D:8: 823 daAuts
     D:9: 713 daAuts
     D:7: 663 daAuts
  Lair:2: 284 daAuts
  Temple: 180 daAuts
